 Dungeon Crawl Stone Soup version 0.22-a0-848-ge9e22a0 (webtiles) character file.

18 Amnesiac the Magician (level 2, 0/19 HPs)
             Began as a Mummy Earth Elementalist on July 26, 2018.
             Slain by a worm (7 damage)
             ... on level 3 of the Dungeon.
             The game lasted 00:00:55 (333 turns).

Amnesiac the Magician (Mummy Earth Elementalist)     Turns: 333, Time: 00:00:56

Health: 0/19       AC:  2    Str: 11    XL:     2   Next: 48%
Magic:  0/6        EV: 12    Int: 14    God:
Gold:   17         SH:  0    Dex: 12    Spells: 4/7 levels left

rFire    x . .     SeeInvis .   a - +0 dagger
rCold    + . .     Gourm    .   (no shield)
rNeg     + + +     Faith    .   c - +0 robe
rPois    ∞         Spirit   .   (no helmet)
rElec    .         Reflect  .   (no cloak)
rCorr    .         Harm     .   (no gloves)
MR       .....                  (no boots)
Stlth    ++........             (no amulet)
HPRegen  0.06/turn              (no ring)
MPRegen  0.10/turn              (no ring)

@: very slightly contaminated
A: no food or potions, fire vulnerability, cold resistance 1, negative energy
resistance 3, torment resistance, unbreathing
a: no special abilities


You were on level 3 of the Dungeon.
You were not hungry.

You visited 1 branch of the dungeon, and saw 3 of its levels.

You collected 17 gold pieces.

Inventory:

Hand Weapons
 a - a +0 dagger (weapon)
Missiles
 b - 17 stones (quivered)
Armour
 c - a +0 robe (worn)
Scrolls
 d - a scroll of magic mapping {!r, unknown}


   Skills:
 - Level 1.5 Dodging
 - Level 1.5 Stealth
 + Level 3.0 Spellcasting
 - Level 0.7 Transmutations
 * Level 3.0 Earth Magic


You had 4 spell levels left.
You knew the following spells:

 Your Spells              Type           Power        Failure   Level  Hunger
a - Sandblast             Erth           ##....       6%          1    N/A
b - Passwall              Tmut/Erth      #.......     16%         2    N/A

Your spell library contained the following spells:

 Spells                   Type           Power        Failure   Level  Hunger
 Stone Arrow              Conj/Erth      #.....       34%         3    N/A
 Lee's Rapid Deconstruct  Erth           ##........   86%         5    N/A
 Petrify                  Tmut/Erth      #.......     69%         4    N/A

Dungeon Overview and Level Annotations

Branches:
Dungeon (3/15)

Altars:

Annotations:
D:3 Grinder


Innate Abilities, Weirdness & Mutations

You do not eat or drink.
Your flesh is vulnerable to fire.
You are immune to poison.
Your flesh is cold resistant. (rC+)
You are immune to negative energy. (rN+++)
You are immune to unholy pain and torment.
You can survive without breathing.


Message History

The hobgoblin is heavily wounded.
The hobgoblin barely misses you.
You hit the hobgoblin.
The hobgoblin is severely wounded.
The hobgoblin barely misses you.
You barely miss the hobgoblin.
The hobgoblin is severely wounded.
The hobgoblin misses you.
You hit the hobgoblin.
You kill the hobgoblin!
You closely miss the frilled lizard. The frilled lizard bites you.
You barely miss the frilled lizard. The frilled lizard bites you.
You hit the frilled lizard.
You kill the frilled lizard!
Casting: Sandblast (safe; 6% risk of failure)
Confirm with . or Enter, or press ? or * to list all spells.
Aiming: Sandblast (safe; 6% risk of failure)
Press: ? - help, Shift-Dir - straight line, f - worm
Aim: a worm You miscast Sandblast.
You are very lightly contaminated with residual magic.
Sand pours from your hands.
Casting: Sandblast (safe; 6% risk of failure)
Confirm with . or Enter, or press ? or * to list all spells.
Aiming: Sandblast (safe; 6% risk of failure)
Press: ? - help, Shift-Dir - straight line, f/p - worm
Aim: a worm You miscast Sandblast.
You momentarily stiffen.
Casting: Sandblast (safe; 6% risk of failure)
Confirm with . or Enter, or press ? or * to list all spells.
Aiming: Sandblast (safe; 6% risk of failure)
Press: ? - help, Shift-Dir - straight line, f/p - worm
Aim: a worm The blast of sand hits the worm.
The worm is moderately wounded.
b - 20 stones
Casting: Sandblast (safe; 6% risk of failure)
Confirm with . or Enter, or press ? or * to list all spells.
Aiming: Sandblast (safe; 6% risk of failure)
Press: ? - help, Shift-Dir - straight line, f/p - worm
Aim: a worm (lightly wounded)
The blast of sand hits the worm.
The worm is heavily wounded.
b - 19 stones The worm bites you!
* * * LOW HITPOINT WARNING * * *
Casting: Sandblast (safe; 6% risk of failure)
Confirm with . or Enter, or press ? or * to list all spells.
Aiming: Sandblast (safe; 6% risk of failure)
Press: ? - help, Shift-Dir - straight line, f/p - worm
Aim: a worm (heavily wounded)
The blast of sand hits the worm.
The worm is severely wounded.
b - 18 stones
Casting: Sandblast (safe; 6% risk of failure)
Confirm with . or Enter, or press ? or * to list all spells.
Aiming: Sandblast (safe; 6% risk of failure)
Press: ? - help, Shift-Dir - straight line, f/p - worm
Aim: a worm (severely wounded)
The blast of sand hits the worm.
The worm is almost dead.
b - 17 stones The worm bites you!
You die...

... .... ....###
...... #.... ###
###.... #<#
.......##.######
...?....†...w@.#
.......##.####.#
###.... #... .#
#.... ###.# .#
#.... .!..#
...... ...#
....### ...#
###. ...


You could see a worm.

Vanquished Creatures
  An adder (D:2)
  A ball python (D:2)
  2 bats (D:1)
  A giant cockroach (D:1)
  A goblin (D:3)
  A hobgoblin (D:3)
  A frilled lizard (D:3)
8 creatures vanquished.

Notes
Turn   | Place    | Note
-------+----------+-------------------------------------------
     0 | D:1      | Amnesiac the Mummy Earth Elementalist began the quest for the Orb.
     0 | D:1      | Reached XP level 1. HP: 13/13 MP: 4/4
   243 | D:2      | Reached XP level 2. HP: 17/19 MP: 0/6
   247 | D:2      | Learned a level 2 spell: Passwall
   293 | D:3      | Noticed Grinder
   333 | D:3      | Slain by a worm

Vault maps used:
D:1:      roderic_crossed_star
D:2:      first_ration, lemuel_tele_altar, uniq_robin
D:3:      chequers_ecumenical_altar_island, ebering_ghost_xom, uniq_grinder

Skill      XL: |  1 |
---------------+----+-----
Spellcasting   | 3 |  3.0
Earth Magic    | 3 |  3.0
Dodging        | |  1.5
Stealth        | |  1.5
Transmutations | |  0.7

Action                   || total
-------------------------++-------
Melee: Unarmed           ||    20
       Dagger            ||    11
 Cast: Sandblast         ||    13
Armor: Robe              ||     8
Dodge: Dodged            ||    25

Table legend:
 A = Spawn XP
 B = Non-spawn XP
 C = Spawn XP percentage of total XP
 D = Spawn monster count
 E = Non-spawn monster count
 F = Spawn count percentage of total count
 G = Total turns spent on level
                    A         B        C        D         E        F      G
               +---------+---------+-------+---------+---------+-------+---------
         Total |       0 |      26 |   0.0 |       0 |       8 |   0.0 |   333
               +---------+---------+-------+---------+---------+-------+---------
           D:1 |       0 |       5 |   0.0 |       0 |       3 |   0.0 |   229
           D:2 |       0 |      16 |   0.0 |       0 |       2 |   0.0 |    72
           D:3 |       0 |       5 |   0.0 |       0 |       3 |   0.0 |    32
               +---------+---------+-------+---------+---------+-------+---------
